Map: Frost LE

Players

LiquidTLO (TLO) - Winner!

  • Race: Zerg Zerg
  • League: Grandmaster

DeMusliM

  • Race: Terran Terran
  • League: Grandmaster

VOD

Have the link to the VOD?

Description

Time

  • Played on: July 3, 2016, 8:12 a.m.
  • Length: 10:59
Show
View Real Time Build Order
Export as new Build Order

LiquidTLO Zerg - Winner!

Build Orders: Hatch First 

Get SALT Encoding   

  12  0:01  Drone  
  13  0:12  Overlord  
  13  0:17  Drone  
  14  0:30  Drone  
  14  0:31  Drone  
  16  0:39  Drone  
  17  0:53  Hatchery  
  17  0:56  Drone  
  17  1:02  Drone  
  18  1:05  Extractor  
  17  1:15  Spawning Pool  
  16  1:19  Drone  
  16  1:21  Drone  
  18  1:28  Drone  
  19  1:39  Overlord  
  19  1:57  Drone  
  20  2:02  Queen  
  20  2:03  Zergling x2  
  20  2:04  Queen  
  20  2:05  Metabolic Boost  
  25  2:10  Drone  
  25  2:12  Drone  
  27  2:17  Drone  
  27  2:22  Drone  
  29  2:33  Drone x2  
  31  2:37  Queen  
  33  2:48  Hatchery  
  32  2:51  Overlord  
  32  2:56  Zergling x2  
  32  2:57  Zergling x2  
  34  3:03  Zergling x2  
  35  3:08  Zergling x2  
  35  3:11  Zergling x2  
  35  3:12  Queen  
  39  3:13  Drone  
  39  3:19  Overlord  
  40  3:20  Drone  
  40  3:21  Drone x2  
  40  3:22  Drone  
  44  3:31  Overlord  
  44  3:39  Drone  
  45  3:44  Queen, Drone  
  45  3:45  Drone x2  
  49  3:49  Drone  
  49  3:51  Drone  
  49  3:52  Drone  
  49  3:53  Drone x2  
  51  3:57  Drone  
  51  4:02  Extractor  
  51  4:03  Roach Warren  
  51  4:08  Spine Crawler  
  51  4:09  Queen  
  51  4:10  Drone  
  51  4:11  Drone  
  51  4:15  Drone  
  51  4:16  Zergling x4  
  56  4:21  Drone  
  57  4:26  Zergling x4  
  57  4:29  Zergling x2  
  57  4:31  Zergling x2  
  58  4:33  Zergling x2  
  58  4:36  Zergling x4  
  58  4:38  Drone x3  
  54  4:42  Drone  
  54  4:43  Drone  
  56  4:48  Drone  
  56  4:50  Drone  
  56  4:51  Drone x2  
  60  4:56  Spore Crawler  
  60  4:57  Spore Crawler  
  60  4:59  Drone  
  59  5:05  Drone, Spore Crawler  
  58  5:08  Drone  
  58  5:09  Spore Crawler  
  58  5:12  Zergling x2  
  59  5:15  Zergling x4  
  59  5:18  Zergling x4  
  59  5:20  Zergling x2  
  62  5:22  Drone  
  62  5:24  Zergling x2  
  62  5:25  Drone  
  64  5:28  Drone x2  
  64  5:33  Lair  
  64  5:35  Zergling x2  
  63  5:38  Drone  
  63  5:42  Overlord x2  
  64  5:50  Spore Crawler  
  64  5:52  Zergling x2  
  64  5:53  Drone  
  64  5:55  Overlord  
  64  5:57  Overlord  
  64  5:58  Overlord  
  64  6:01  Extractor  
  64  6:02  Roach  
  65  6:05  Roach  
  65  6:09  Roach  
  65  6:12  Roach  
  65  6:15  Roach  
  67  6:19  Roach  
  67  6:24  Roach  
  68  6:26  Drone  
  68  6:29  Drone  
  68  6:31  Drone  
  66  6:35  Drone  
  66  6:39  Drone  
  69  6:40  Drone  
  69  6:44  Extractor  
  69  6:46  Drone x3  
  71  6:48  Drone  
  71  6:50  Overseer  
  71  6:53  Drone  
  72  6:55  Drone  
  73  7:01  Spire  
  73  7:02  Drone x2  
  73  7:07  Drone x2  
  72  7:10  Drone  
  72  7:11  Drone  
  72  7:12  Drone  
  72  7:14  Drone x2  
  77  7:16  Drone  
  77  7:17  Drone  
  77  7:20  Drone  
  80  7:25  Drone x2  
  80  7:29  Extractor  
  79  7:30  Extractor, Drone  
  79  7:32  Evolution Chamber  
  79  7:33  Evolution Chamber  
  79  7:35  Drone  
  79  7:36  Drone  
  79  7:38  Drone  
  79  7:39  Drone x4  
  79  7:40  Drone  
  79  7:43  Glial Reconstitution  
  85  7:45  Drone  
  85  7:47  Overseer  
  85  7:48  Drone  
  85  7:49  Drone  
  88  7:52  Overlord  
  88  8:11  Zerg Missile Weapons Level 1, Zerg Ground Armor Level 1  
  88  8:12  Mutalisk  
  88  8:13  Mutalisk x4  
  98  8:20  Overlord  
  98  8:24  Overlord  
  98  8:25  Roach x2  
  98  8:26  Roach  
  104  8:29  Roach  
  104  8:32  Roach  
  104  8:33  Roach  
  110  8:34  Roach  
  110  8:35  Overlord  
  110  8:36  Hatchery  
  110  8:37  Roach  
  110  8:39  Ravager x3  
  110  8:40  Roach  
  118  8:42  Roach  
  118  8:43  Roach  
  118  8:45  Roach  
  118  8:47  Roach  
  126  8:50  Roach  
  126  8:51  Overlord  
  126  8:52  Roach  
  130  8:56  Roach x2  
  130  9:00  Roach  
  136  9:04  Roach  
  136  9:09  Overlord  
  138  9:11  Roach  
  138  9:13  Roach  
  138  9:14  Roach  
  138  9:17  Overlord x2, Ravager x2  
  146  9:23  Overlord  
  146  9:24  Overlord  
  146  9:28  Overlord  
  146  9:32  Overlord  
  146  9:37  Roach x2  
  150  9:45  Roach x9  
  166  9:46  Roach  
  166  9:48  Roach  
  170  9:56  Roach  
  170  9:57  Roach  
  170  9:58  Roach  
  170  9:59  Roach  
  170  10:01  Roach  
  170  10:03  Roach  
  170  10:04  Ravager x4  
  170  10:05  Ravager x2  
  174  10:08  Roach x2  
  174  10:09  Zergling x2  
  174  10:10  Zergling x2  
  180  10:17  Roach  
  180  10:32  Roach  
  176  10:35  Roach x2  
  176  10:36  Roach  
  176  10:38  Roach  
Show
View Real Time Build Order
Export as new Build Order

DeMusliM Terran 

Build Orders: Reaper Expand, Hellion Banshee, MMM Bio 

Get SALT Encoding   

  12  0:00  SCV  
  13  0:13  SCV  
  14  0:17  Supply Depot  
  14  0:25  SCV  
  15  0:38  SCV  
  15  0:39  Barracks  
  16  0:45  Refinery  
  16  0:51  SCV  
  17  1:03  SCV  
  18  1:15  SCV  
  19  1:28  Orbital Command  
  19  1:29  Reaper  
  20  1:41  Command Center  
  20  1:54  Supply Depot  
  20  1:55  SCV  
  21  2:07  Marine  
  22  2:08  SCV  
  22  2:10  Factory  
  23  2:20  SCV  
  23  2:21  Refinery  
  24  2:26  Barracks Reactor  
  24  2:32  SCV  
  25  2:45  SCV  
  26  2:53  Orbital Command  
  26  2:56  Starport  
  26  2:57  SCV  
  27  3:09  SCV  
  28  3:15  Barracks Tech Lab  
  28  3:18  Hellion x2  
  28  3:19  SCV  
  33  3:21  SCV  
  34  3:28  Supply Depot  
  34  3:33  SCV  
  35  3:37  SCV  
  35  3:39  Hellion x2  
  37  3:54  Banshee  
  37  4:00  Hellion x2, SCV  
  37  4:01  SCV  
  42  4:10  Supply Depot  
  42  4:13  SCV x2  
  42  4:14  Armory  
  44  4:22  Hellion x2  
  48  4:25  SCV  
  49  4:38  SCV  
  46  4:42  SCV  
  46  4:43  Hellion x2  
  46  4:44  Banshee  
  50  4:50  SCV  
  51  4:53  Supply Depot  
  51  4:54  SCV  
  52  5:02  SCV  
  52  5:03  Supply Depot  
  52  5:06  SCV  
  53  5:19  Hellion x2  
  55  5:21  SCV  
  55  5:26  Banshee  
  57  5:30  SCV  
  57  5:34  SCV  
  59  5:40  Hellion  
  59  5:42  Hellion, SCV  
  64  5:46  Marine, SCV  
  64  5:48  Bunker  
  66  5:56  SCV  
  67  5:58  SCV  
  64  6:19  SCV x2  
  62  6:27  Hellion x2  
  62  6:30  Bunker  
  62  6:31  Barracks Tech Lab  
  58  6:34  Command Center  
  58  6:35  Engineering Bay x2  
  58  6:36  SCV x2  
  59  6:45  Refinery  
  59  6:46  Refinery  
  59  6:48  SCV x2  
  61  6:56  Stimpack  
  61  6:59  Barracks  
  61  7:00  SCV x2  
  63  7:04  Barracks  
  63  7:08  Terran Infantry Armor Level 1  
  60  7:12  SCV x2  
  62  7:17  Starport Reactor  
  62  7:20  Marine  
  63  7:24  SCV x2  
  63  7:29  Terran Infantry Weapons Level 1  
  65  7:36  SCV x2  
  67  7:37  Barracks  
  67  7:38  Marine, Barracks, Factory Reactor  
  67  7:39  Barracks  
  68  7:46  Orbital Command  
  68  7:47  Barracks Reactor  
  68  7:48  Supply Depot, SCV  
  69  7:53  SCV  
  69  7:54  Barracks Reactor  
  69  7:55  Supply Depot  
  69  7:56  Marauder  
  72  8:00  SCV  
  73  8:16  Supply Depot  
  73  8:17  Medivac x2, Marauder  
  79  8:21  Widow Mine x2  
  79  8:22  Barracks  
  79  8:25  Barracks Tech Lab, Orbital Command  
  79  8:26  Marine x2  
  85  8:29  SCV x2  
  85  8:33  Marine  
  85  8:34  Marauder, Concussive Shells  
  90  8:38  Marine  
  92  8:41  SCV x2  
  92  8:42  Supply Depot, Marine x3  
  96  8:49  Marine  
  96  8:52  Marine x3  
  96  8:53  SCV x2  
  102  8:56  Marine  
  102  9:00  Marine x3  
  102  9:01  SCV  
  103  9:04  Missile Turret  
  103  9:05  SCV, Missile Turret  
  103  9:09  Marine x2  
  105  9:11  SCV  
  105  9:12  Marine  
  105  9:13  SCV  
  105  9:14  Marine x2  
  105  9:16  Missile Turret  
  109  9:17  SCV  
  109  9:23  SCV  
  111  9:25  SCV  
  111  9:26  Marine x2  
  111  9:29  SCV  
  115  9:34  Combat Shields  
  114  9:43  Marine x5, Marauder  
  120  9:45  Supply Depot x2  
  120  9:50  Marine  
  120  9:51  Marauder  
  121  9:58  Marine, Marauder  
  117  10:01  Marine x2  
  117  10:02  Marine  
  117  10:03  Medivac  
  117  10:05  Marauder  
  122  10:07  Missile Turret  
  122  10:09  Medivac  
  122  10:10  Marine x2  
  122  10:12  Marauder  
  128  10:16  Marine  
  128  10:19  Supply Depot, Marauder  
  124  10:32  Marine x3  
  124  10:33  Marine x2, Marauder  
  116  10:40  Marine  
Tags
 
Add a new tag
Caveats
  • Supply blocks, unpowered buildings, or Contaminate may cause inaccurate times.
  • Supply counts are checked every 10 seconds.